 Dungeon Crawl Stone Soup version 0.16-a0-4092-gb8933cd (webtiles) character file.

231 Speissi the Ruffian (level 6, -2/52 (53) HPs)
             Began as a Ghoul Monk on Feb 24, 2015.
             Was a Believer of Dithmenos.
             Slain by Grinder (10 damage)
             ... on level 4 of the Dungeon.
             The game lasted 00:13:56 (2936 turns).

Speissi the Ruffian (Ghoul Monk)                    Turns: 2936, Time: 00:13:57

HP:   -2/52 (53)    AC:  6    Str: 16    XL:     6   Next: 4%
MP:   5/5           EV: 13    Int:  6    God:    Dithmenos [**....]
Gold: 146           SH:  0    Dex: 11    Spells: 0 memorised, 5 levels left

rFire  . . .     SeeInvis .       - Unarmed
rCold  + + .     Clarity  .     r - +0 leather armour
rNeg   + + +     SustAb   .     (no shield)
rPois  ∞         Gourm    .     (no helmet)
rElec  .         Spirit   .     (no cloak)
rCorr  .         Warding  .     j - +1 pair of gloves
rMut   .         Stasis   .     t - +0 pair of boots
MR     +....                    b - amulet of faith
Stlth  ++........               y - ring of protection from cold
                                x - ring of protection from magic

@: rotting, wreathed by umbra, somewhat resistant to hostile enchantments,
unstealthy
A: rotting body, claws 1, carnivore 3, cold resistance 1, negative energy
resistance 3, poison resistance, slow healing 1, torment resistance, unbreathing
a: Shadow Step, Renounce Religion


You were on level 4 of the Dungeon.
You worshipped Dithmenos.
Dithmenos was pleased with you.
You were not hungry.

You visited 2 branches of the dungeon, and saw 5 of its levels.

You collected 146 gold pieces.

Inventory:

Armour
 j - a +1 pair of gloves (worn)
 r - a +0 leather armour (worn)
 t - a +0 pair of boots (worn)
Rods
 k - a +0 rod of clouds (14/14)
   (You found it on level 3 of the Dungeon)
Jewellery
 b - an amulet of faith (around neck)
 x - a ring of protection from magic (left hand)
 y - a ring of protection from cold (right hand)
Magical devices
 v - a wand of random effects (23)
Scrolls
 c - 2 scrolls of noise {unknown}
 e - a scroll of random uselessness {unknown}
 g - 2 scrolls of remove curse {unknown}
 h - a scroll of magic mapping {unknown}
 l - a scroll of recharging {unknown}
 m - 2 scrolls of blinking {unknown}
 q - 2 scrolls of teleportation {unknown}
 u - a scroll of identify {unknown}
Potions
 d - a potion of curing {unknown}
 f - a potion of restore abilities {unknown}
 n - a potion of mutation {unknown}
 o - a potion of heal wounds {unknown}
 p - a potion of haste {unknown}
 s - 3 potions of flight {unknown}
 w - a potion of agility {unknown}
Comestibles
 a - 2 beef jerkies
 i - a meat ration


   Skills:
 + Level 4.3 Fighting
 + Level 0.6 Armour
 + Level 4.0 Dodging
 + Level 2.9 Stealth
 + Level 5.7 Unarmed Combat


You had 5 spell levels left.
You didn't know any spells.

Dungeon Overview and Level Annotations

Branches:
Dungeon (4/15)             Temple (1/1) D:4

Altars:
Dithmenos
Fedhas
Gozag
Makhleb
Sif Muna
Vehumet
Xom

Annotations:
D:2 Sigmund
D:4 Grinder


Innate Abilities, Weirdness & Mutations

Your body is rotting away.
You thrive on raw meat.
You have sharp fingernails.
You are carnivorous and can eat meat at any time.
Your flesh is cold resistant.
You are immune to negative energy.
Your system is resistant to poisons.
You heal slowly when monsters are visible.
You are immune to unholy pain and torment.
You can survive without breathing.


Message History

You hit something.
Something tries to affect you, but you resist.
The rat barely misses you.
You hit something but do no damage.
You are unaffected.
You hit something. The rat barely misses you. Something hits you.
You hit something. The rat bites you but does no damage.
You barely miss something. Something hits you. The rat barely misses you.
You hit something. Something hits you but does no damage. The rat misses you.
You hit something. Something hits you! The rat barely misses you.
You barely miss something. Something hits you!
* * * LOW HITPOINT WARNING * * *
The rat misses you.
You punch the rat!
You kill the rat!
Dithmenos accepts your kill. Something barely misses you.
You hit something but do no damage. Something hits you!
* * * LOW HITPOINT WARNING * * *
You barely miss something. Something hits you!
You die...

#..........._..........
####....#.......#..##..
#....#.......#.###..
#....##.....##.# ###
####S####.####.#
#...........# ##
###(##..###..## #.
#.......# ##.# #.
#.@...#.####.#####.
#†{...#..........#.
#.......#.......##.#.
#.......#..♣.♣..##.#.
.........#...>..###.#.
...<......#..♣.♣.# #.#.
.........##....)###.#.
........##.........#.
..........#.###.##


You could see an adder (wandering).

Vanquished Creatures
  An ogre (D:4)
  An orc wizard (D:3)
  A worker ant (D:4)
  2 giant mites
  4 worms
  2 giant geckos
  An ooze (D:1)
  2 orcs (D:3)
  9 bats
  A giant cockroach (D:3)
  5 hobgoblins
  3 jackals (D:1)
  8 kobolds
  2 quokkas (D:3)
  A ball python (D:1)
  3 giant newts
  8 goblins
  8 rats
62 creatures vanquished.

Notes
Turn   | Place    | Note
--------------------------------------------------------------
     0 | D:1      | Speissi, the Ghoul Monk, began the quest for the Orb.
     0 | D:1      | Reached XP level 1. HP: 19/19 MP: 1/1
   147 | D:1      | Reached XP level 2. HP: 26/26 MP: 2/2
   565 | D:2      | Reached XP level 3. HP: 25/30 MP: 3/3
   892 | D:2      | Noticed Sigmund
  1329 | D:3      | Reached skill level 5 in Unarmed Combat
  1371 | D:3      | Reached XP level 4. HP: 39/39 MP: 3/3
  1862 | D:3      | Found a blossoming altar of Fedhas.
  2253 | D:4      | Noticed an ogre
  2283 | D:4      | HP: 2/40 [ogre/giant club (25)]
  2289 | D:4      | Killed an ogre
  2289 | D:4      | Reached XP level 5. HP: 2/46 MP: 4/4
  2522 | D:4      | Found a staircase to the Ecumenical Temple.
  2542 | Temple   | Entered the Ecumenical Temple
  2553 | Temple   | Became a worshipper of Dithmenos the Shadowed
  2553 | Temple   | Acquired Dithmenos' first power
  2586 | D:4      | Found a radiant altar of Vehumet.
  2596 | D:4      | Reached XP level 6. HP: 39/52 MP: 5/5
  2911 | D:4      | Noticed Grinder
  2936 | D:4      | Slain by Grinder

Action                   |  1- 3 |  4- 6 || total
-------------------------+-------+-------++-------
Melee: Unarmed           |   112 |   145 ||   257
 Stab: Sleeping          |     5 |       ||     5
  Eat: Chunk             |    11 |     6 ||    17
